 Dungeon Crawl Stone Soup version 0.32-a0-520-g344ed53f66 (webtiles) character file.

Game seed: 14570190753464310433

121 lunkers the Firebug (level 4, -3/33 HPs)
             Began as a Mountain Dwarf Fire Elementalist on Feb 27, 2024.
             Was an Initiate of Sif Muna.
             Slain by Grinder (6 damage)
             ... while paralysed by Grinder
             ... on level 3 of the Dungeon on Feb 28, 2024.
             The game lasted 00:05:27 (2759 turns).

lunkers the Firebug (MDFE)                          Turns: 2759, Time: 00:05:28

Health: -3/33      AC:  4    Str:  9 (11) XL:     4   Next: 77%
Magic:  0/6        EV:  2    Int: 16 (17) God:    Sif Muna [......]
Gold:   122        SH:  0    Dex:  8 (10) Spells: 3/6 levels left

rFire   + . .        a - +1 short sword (venom)
rCold   . . .        (no shield)
rNeg    . . .        h - +1 robe
rPois   .            c - +0 helmet
rElec   .            (no cloak)
rCorr   .            (no gloves)
SInv    .            (no boots)
Will    .....        (no amulet)
Stlth   +            q - +5 ring of evasion
HPRegen 0.25/turn    k - ring of protection from fire
MPRegen 0.10/turn

%: no passive effects
@: paralysed, mighty
A: runic magic, artefact enchanting
a: Renounce Religion


You were on level 3 of the Dungeon.
You worshipped Sif Muna.
Sif Muna was noncommittal.
You visited 1 branch of the dungeon, and saw 3 of its levels.

You collected 122 gold pieces.

Inventory:

Hand Weapons
 a - a +1 short sword of venom (weapon)
 d - a +0 dagger
 g - a +2 dagger of draining
 i - a +1 dagger of protection
 l - a +0 short sword of speed
Armour
 c - a +0 helmet (worn)
 h - a +1 robe (worn)
Jewellery
 k - a ring of protection from fire (right hand)
 q - a +5 ring of evasion (left hand)
Scrolls
 j - 3 scrolls of identify {unknown}
 n - 2 scrolls of immolation {unknown}
 p - a scroll of torment {unknown}
 r - a scroll of enchant armour
 s - a scroll of poison {unknown}
Potions
 m - a potion of attraction {unknown}
 o - a potion of ambrosia {unknown}


   Skills:
 - Level 1.3 Dodging
 - Level 1.4 Stealth
 - Level 1.7 Spellcasting
 - Level 0.8 Conjurations
 * Level 6.7 Fire Magic


You had 3 spell levels left.
You knew the following spells:

 Your Spells              Type           Power      Damage    Failure   Level
b - Scorch                Fire           46%        2d6       1%          2
p - Foxfire               Conj/Fire      52%        2x1d6     4%          1

Your spell library contained the following spells:

 Spells                   Type           Power      Damage    Failure   Level
 Magic Dart               Conj           16%        1d3       16%         1
 Inner Flame              Hex/Fire       12%        N/A       16%         3
 Volatile Blastmotes      Fire/Tloc      24%        2d12      16%         3
 Searing Ray              Conj           8%         2d4       22%         2
 Flame Wave               Conj/Fire      13%        2d6       41%         4
 Fulminant Prism          Conj/Alch      1%         3d5       87%         4
 Chain Lightning          Conj/Air       1%         3d1       100%        9
 Fire Storm               Conj/Fire      6%         8d2       100%        9
 Shatter                  Erth           0%         3d5*      100%        9


Dungeon Overview and Level Annotations

Branches:
Dungeon (3/15)

Altars:
Sif Muna
Wu Jian

Annotations:
D:3 Grinder


Innate Abilities, Weirdness & Mutations

Your spellcasting is much less encumbered by armour.
You can use scrolls of enchantment on lesser artefacts.


Message History

The foxfire hits Grinder.
Grinder is burned terribly!
Grinder is lightly wounded.
The foxfire hits Grinder.
Grinder is burned terribly!
Grinder is moderately wounded.
Grinder barely misses you.
Unknown command.
Unknown command.
Casting: Foxfire (safe; 4% risk of failure)
Press: ? - help, Q - select action, (/) - cycle Dir - look around, f - activate You conjure some foxfire!
* * * LOW MAGIC WARNING * * *
Grinder is no longer more vulnerable to fire.
The foxfire hits Grinder but does no damage.
Grinder is moderately wounded.
The foxfire hits Grinder but does no damage.
Grinder is moderately wounded.
Grinder hits you but does no damage.
Unknown command.
Unknown command.
Okay, then.
Okay, then.
It was a potion of degeneration.
There was something very wrong with that liquid.
You feel weakened.
You feel dopey.
You feel clumsy.
The foxfire hits Grinder.
Grinder is moderately wounded.
The foxfire hits Grinder.
Grinder is heavily wounded.
Grinder completely misses you.
You aren't carrying any items that you can evoke.
Unknown command.
It was a potion of might.
You feel very mighty all of a sudden. Grinder gestures at you.
You suddenly lose the ability to move!
Grinder hits you!
* * * LOW HITPOINT WARNING * * *
You writhe in agony.
You die...
Grinder says, "Now the real fun starts!"

.# ##### #.#### ....#
...... ....#### ....
........ ...
⌠...###############
##.###### ....#
#...........###........
#...#
#.........@............
##.##
#.........5.####.......
.#.# #...........#
....... .#.#
#...........# ..../..
.#.# #...........#
...5... ##.#
####...###### .......
#..# ##.### .......
...# #..# ....S.. ⌠..##
#.##


You could see Grinder.

Vanquished Creatures
  Robin (D:2)
  5 adders
  A ribbon worm (D:2)
  3 orcs (D:3)
  4 ball pythons
  4 endoplasms
  12 goblins
  4 hobgoblins
  7 kobolds
  A quokka (D:1)
  7 bats
  8 frilled lizards
  5 rats
62 creatures vanquished.

Vanquished Creatures (others)
  134 foxfires
134 creatures vanquished.

Grand Total: 196 creatures vanquished

Notes
Turn   | Place    | Note
-------+----------+-------------------------------------------
     0 | D:1      | lunkers the Mountain Dwarf Fire Elementalist began the
                  | quest for the Orb.
     0 | D:1      | Reached XP level 1. HP: 14/14 MP: 3/3
    86 | D:1      | Reached skill level 4 in Fire Magic
   192 | D:1      | Reached XP level 2. HP: 17/20 MP: 0/4
  1002 | D:2      | Reached skill level 5 in Fire Magic
  1019 | D:2      | Learned a level 2 spell: Scorch
  1036 | D:2      | Reached XP level 3. HP: 6/26 MP: 0/5
  1188 | D:2      | Noticed Robin
  1197 | D:2      | Killed Robin
  1330 | D:2      | Identified the +1 robe "Nyusy" {rF+}
  1459 | D:2      | Reached skill level 6 in Fire Magic
  1459 | D:2      | Reached XP level 4. HP: 33/33 MP: 2/6
  2373 | D:3      | Found a shimmering blue altar of Sif Muna.
  2422 | D:3      | Became a worshipper of Sif Muna the Loreminder
  2463 | D:3      | Found a faded altar of an unknown god.
  2481 | D:3      | Found an ornate altar of the Wu Jian Council.
  2736 | D:3      | Noticed Grinder
  2758 | D:3      | Paralysed by Grinder for 2 turns
  2759 | D:3      | Slain by Grinder

Illustrated notes

Levels and vault maps discovered:
D:1:      mrwooster_arrival_arrow, layout_loops_ring
D:2:      layout_basic, uniq_robin
D:3:      layout_basic, mainiacjoe_overflow_six_doors_small,
          nicolae_overflow_ecumenical_swirl, uniq_grinder

Skill      XL: |  1  2  3 |
---------------+----------+-----
Fire Magic     | 4 5 6 |  6.7
Dodging        | |  1.3
Stealth        | |  1.4
Spellcasting   | |  1.7
Conjurations   | |  0.8

Action                     |  1- 3 |  4- 6 || total
---------------------------+-------+-------++-------
  Melee: Dagger            |    12 |       ||    12
         Short sword       |    41 |    25 ||    66
   Cast: Foxfire           |    49 |    35 ||    84
         Scorch            |     3 |     3 ||     6
    Use: Scroll            |     2 |       ||     2
         Potion            |       |     3 ||     3
   Stab: Sleeping          |     1 |       ||     1
 Armour: Robe              |    45 |    14 ||    59
  Dodge: Dodged            |    29 |    21 ||    50
         Repelled          |     1 |       ||     1

Table legend: (Time is in decaauts)
 A = Elapsed time spent in this place.
 B = Non-inter-level travel time spent in this place.
 C = Inter-level travel time spent in this place.
 D = Time resting spent in this place.
 E = Time spent auto-exploring this place.
 F = Levels seen in this place.
 G = Mean time per level.
                   A        B        C        D        E       F      G
               +--------+--------+--------+--------+--------+-----+--------+
         Total |   2756 |   2715 |     41 |      0 |   2298 |   3 |  918.7 |
       Dungeon |   2756 |   2715 |     41 |      0 |   2298 |   3 |  918.7 |
               +--------+--------+--------+--------+--------+-----+--------+

Top non-repeatable levels by time:
     D:2: 1315 daAuts
     D:1: 994 daAuts
     D:3: 445 daAuts
